 Dungeon Crawl Stone Soup version 0.30.1-9-gdf580d7c3d (webtiles) character file.

Game seed: 10314436784439593214

1656610 SuperSeabass the Slayer (level 27, 160/160 HPs)
             Began as a Vine Stalker Earth Elementalist on Oct 9, 2023.
             Was the Champion of Nemelex Xobeh.
             Escaped with the Orb
             ... and 3 runes on Oct 10, 2023!
             The game lasted 06:02:34 (68364 turns).

SuperSeabass the Slayer (VSEE)                     Turns: 68364, Time: 06:02:35

Health: 160/160    AC: 33    Str: 22      XL:     27
Magic:  34/34      EV: 22    Int: 21 (22) God:    Nemelex Xobeh [******]
Gold:   3274       SH: 10    Dex: 25      Spells: 24/46 levels left

rFire   + . .        a - +9 demon whip (vamp)
rCold   + + .        N - +3 buckler {AC+3}
rNeg    + + +        u - +5 scale mail of Hassoorr {rF+ Will+ Str-2}
rPois   +            e - +2 helmet of Xelidot {rN+ Str+8 Stlth-}
rElec   +            l - +2 cloak {rPois}
rCorr   +            O - +3 pair of gauntlets of War {Slay+5}
SInv    .            q - +2 pair of boots
Will    ++++.        Y - amulet of Weclefad {rC++ Regen+ Int+3 Slay+2 Stlth+}
Stlth   ++           A - ring "Waoniwas" {rElec AC+4 Str-3 Int+2 Dex+8}
HPRegen 2.06/turn    R - ring "Asoyps" {rPois rN++ rCorr}
MPRegen 0.24/turn

%: guardian spirit
@: studying Invocations
A: fangs 3, regeneration 1, magic shield, antimagic bite, no potion heal 2,
deformed body, deterioration 1, dopey 1, low MP 1
0: Orb of Zot
}: 3/15 runes: barnacled, silver, gossamer
a: Renounce Religion, Draw Escape, Draw Destruction, Draw Summoning, Draw Stack,
Triple Draw, Deal Four, Stack Five


You escaped.
You worshipped Nemelex Xobeh.
Nemelex Xobeh was exalted by your worship.
You visited 10 branches of the dungeon, and saw 50 of its levels.
You visited 1 bazaar.
You also visited: Gauntlet.

You collected 7834 gold pieces.
You spent 4560 gold pieces at shops.

Inventory:

Hand Weapons
 a - a +9 vampiric demon whip (weapon)
Missiles
 b - 13 silver javelins
 y - 8 throwing nets
 B - 41 boomerangs (quivered)
 J - 23 javelins
 U - 11 curare-tipped darts
Armour
 e - the +2 helmet of Xelidot (worn) {rN+ Str+8 Stlth-}
   (You found it on level 1 of the Spider Nest)

   Str:       It affects your strength (+8).
   rN:        It protects you from negative energy.
   Stlth:     It makes you less stealthy.
 l - a +2 cloak of poison resistance (worn)
 q - a +2 pair of boots (worn)
 u - the +5 scale mail of Hassoorr (worn) {rF+ Will+ Str-2}
   (You found it on level 5 of the Lair of Beasts)

   Str:       It affects your strength (-2).
   rF:        It protects you from fire.
   Will:      It increases your willpower.
 N - a +3 buckler of protection (worn)
 O - the +3 pair of gauntlets of War (worn) {Slay+5}
   (You bought it in a shop in a bazaar)

   Slay:      It affects your accuracy & damage with ranged weapons and melee
   (+5).
Jewellery
 A - the ring "Waoniwas" (left hand) {rElec AC+4 Str-3 Int+2 Dex+8}
   (You found it on level 3 of the Elven Halls)

   [ring of protection]

   AC:        It affects your AC (+4).
   Str:       It affects your strength (-3).
   Int:       It affects your intelligence (+2).
   Dex:       It affects your dexterity (+8).
   rElec:     It insulates you from electricity.
 E - a +5 ring of evasion
 H - a ring of protection from fire
 R - the ring "Asoyps" (right hand) {rPois rN++ rCorr}
   (You found it on level 3 of the Elven Halls)

   [ring of resist corrosion]

   rPois:     It protects you from poison.
   rN:        It greatly protects you from negative energy.
   rCorr:     It protects you from acid and corrosion.
 V - a ring of see invisible
 W - a ring of willpower
 Y - the amulet of Weclefad (around neck) {rC++ Regen+ Int+3 Slay+2 Stlth+}
   (You found it on level 3 of the Crypt)

   [amulet of regeneration]

   Int:       It affects your intelligence (+3).
   Slay:      It affects your accuracy & damage with ranged weapons and melee
   (+2).
   rC:        It greatly protects you from cold.
   Regen:     It increases your rate of health regeneration.
   Stlth:     It makes you more stealthy.
Wands
 d - a wand of digging (9)
 i - a wand of roots (55)
 r - a wand of quicksilver (15)
 z - a wand of charming (45)
Scrolls
 j - 22 scrolls of teleportation
 m - 2 scrolls of blinking
 o - 3 scrolls of silence
 v - 4 scrolls of fog
 w - 10 scrolls of poison
 F - 3 scrolls of summoning
 G - 8 scrolls of vulnerability
 L - 8 scrolls of fear
 M - 5 scrolls of torment
 T - 3 scrolls of immolation
Potions
 c - 4 potions of resistance
 h - 3 potions of invisibility
 k - 2 potions of cancellation
 n - 19 potions of curing
 p - 6 potions of berserk rage
 s - 3 potions of magic
 t - 14 potions of mutation
 x - 9 potions of brilliance
 C - 5 potions of might
 D - 5 potions of attraction
 P - 8 potions of ambrosia
 S - a potion of haste
 Z - 11 potions of lignification
Miscellaneous
 f - a phantom mirror
 g - a tin of tremorstones (2/2)
 I - a phial of floods
 K - a lightning rod (4/4)
 Q - a box of beasts


   Skills:
 + Level 21.4 Fighting
 - Level 12.0 Maces & Flails
 + Level 12.0 Throwing
 - Level 11.8 Armour
 - Level 15.1 Dodging
 - Level 15.0 Stealth
 - Level 5.0 Shields
 - Level 10.0 Spellcasting
 - Level 12.0 Conjurations
 - Level 1.0 Transmutations
 - Level 11.3 Ice Magic
 - Level 11.3 Air Magic
 - Level 12.0 Earth Magic
 - Level 20.1 Invocations


You had 24 spell levels left.
You knew the following spells:

 Your Spells              Type           Power      Damage    Failure   Level
a - Stone Arrow           Conj/Erth      100%       3d13      1%          3
b - Sandblast             Erth           100%       2d20      1%          1
d - Lee's Rapid Deconstr  Erth           28%        3d15*     3%          5
f - Freezing Cloud        Conj/Ice/Air   28%        6-21      4%          5
A - Ozocubu's Armour      Ice            55%        N/A       1%          3
P - Passwall              Tmut/Erth      30%        N/A       1%          2
R - Swiftness             Air            55%        N/A       1%          3

Your spell library contained the following spells:

 Spells                   Type           Power      Damage    Failure   Level
 Foxfire                  Conj/Fire      100%       2x1d9     1%          1
 Freeze                   Ice            100%       1d10      1%          1
 Shock                    Conj/Air       100%       1d9       1%          1
 Static Discharge         Conj/Air       100%       2-7/arc   1%          2
 Hailstorm                Conj/Ice       56%        3d12      1%          3
 Airstrike                Air            27%        2d(4-20)  1%          4
 Ensorcelled Hibernation  Hex/Ice        68%        N/A       2%          2
 Poisonous Vapours        Pois/Air       68%        N/A       2%          2
 Dazzling Flash           Conj/Hex       70%        N/A       4%          3
 Vhi's Electric Charge    Tloc/Air       68%        N/A       4%          3
 Arcjolt                  Conj/Air       28%        1d38      4%          5
 Cigotuvi's Dreadful Rot  Necr/Pois/Air  52%        N/A       5%          2
 Beastly Appendage        Tmut           28%        N/A       11%         1
 Petrify                  Tmut/Erth      37%        N/A       12%         4
 Sting                    Tmut/Pois      48%        1d5       14%         1
 Animate Armour           Summ/Erth      70%        N/A       14%         4
 Flame Wave               Conj/Fire      35%        2d10      14%         4
 Fulminant Prism          Conj/Hex       17%        3d10      14%         4
 Iskenderun's Mystic Bla  Conj/Tloc      35%        2d8       14%         4
 Leda's Liquefaction      Hex/Erth       17%        N/A       14%         4
 Sticky Flame             Conj/Fire      35%        2d5       14%         4
 Apportation              Tloc           20%        N/A       17%         1
 Necrotise                Necr           40%        1d6       17%         1
 Slow                     Hex            40%        N/A       17%         1
 Summon Small Mammal      Summ           40%        N/A       17%         1
 Wereblood                Tmut           14%        N/A       17%         2
 Summon Ice Beast         Ice/Summ       34%        N/A       17%         4
 Iron Shot                Conj/Erth      28%        9d6       19%         6
 Scorch                   Fire           20%        2d5       26%         2
 Borgnjor's Vile Clutch   Necr/Erth      17%        N/A       36%         5
 Fireball                 Conj/Fire      17%        3d9       36%         5
 Spider Form              Tmut/Pois      12%        N/A       38%         3
 Ignite Poison            Fire/Tmut/Pois 11%        N/A       41%         3
 Metabolic Englaciation   Hex/Ice        17%        N/A       43%         5
 Silence                  Hex/Air        17%        N/A       43%         5
 Call Canine Familiar     Summ           10%        N/A       45%         3
 Confusing Touch          Hex            10%        N/A       45%         3
 Inner Flame              Hex/Fire       10%        N/A       45%         3
 Portal Projectile        Hex/Tloc       20%        N/A       45%         3
 Summon Guardian Golem    Hex/Summ       10%        N/A       45%         3
 Tukima's Dance           Hex            10%        N/A       45%         3
 Vampiric Draining        Necr           10%        2d6       45%         3
 Volatile Blastmotes      Fire/Tloc      20%        2d11      45%         3
 Ozocubu's Refrigeration  Ice            27%        4d13      80%         7
 Anguish                  Hex/Necr       5%         N/A       86%         4
 Animate Dead             Necr           10%        N/A       86%         4
 Cause Fear               Hex            5%         N/A       86%         4
 Manifold Assault         Tloc           10%        N/A       86%         4
 Olgreb's Toxic Radiance  Pois           10%        N/A       86%         4
 Passage of Golubria      Tloc           10%        N/A       86%         4
 Statue Form              Tmut/Erth      24%        N/A       87%         6
 Starburst                Conj/Fire      17%        6d6       91%         6
 Plasma Beam              Fire/Air       17%        2x1d31    95%         6
 Simulacrum               Ice/Necr       17%        N/A       95%         6
 Blade Hands              Tmut           7%         N/A       97%         5
 Alistair's Intoxication  Tmut/Pois      8%         N/A       98%         5
 Yara's Violent Unravell  Hex/Tmut       6%         3d5       98%         5
 Agony                    Necr           10%        N/A       99%         5
 Summon Forest            Summ/Tloc      5%         N/A       99%         5
 Dispersal                Tloc           5%         N/A       100%        6
 Eringya's Noxious Bog    Tmut/Pois      6%         N/A       100%        6
 Summon Cactus Giant      Summ           5%         N/A       100%        6
 Dragon Form              Tmut           7%         N/A       100%        7
 Enfeeble                 Hex            5%         N/A       100%        7
 Haunt                    Necr/Summ      5%         N/A       100%        7
 Malign Gateway           Summ/Tloc      5%         N/A       100%        7
 Borgnjor's Revivificati  Necr           5%         N/A       100%        8
 Disjunction              Tloc           5%         N/A       100%        8
 Ignition                 Fire           5%         3d4       100%        8
 Infestation              Necr           5%         N/A       100%        8
 Lehudib's Crystal Spear  Conj/Erth      28%        10d8      100%        8
 Maxwell's Capacitive Co  Air            27%        ∞         100%        8
 Summon Horrible Things   Summ           5%         N/A       100%        8
 Chain Lightning          Conj/Air       28%        3d37      100%        9
 Death's Door             Necr           5%         N/A       100%        9
 Dragon's Call            Summ           5%         N/A       100%        9
 Fire Storm               Conj/Fire      17%        8d5       100%        9
 Polar Vortex             Ice            27%        N/A       100%        9
 Shatter                  Erth           28%        3d24*     100%        9


Dungeon Overview and Level Annotations

Branches:
Dungeon (15/15)            Temple (0/1) D:7            Lair (5/5) D:9
 Shoals (4/4) Lair:3       Spider (4/4) Lair:3        Slime (0/5) Lair:5
    Orc (2/2) D:9             Elf (3/3) Orc:2        Vaults (5/5) D:13
  Crypt (3/3) Vaults:3       Tomb (0/3) Crypt:3      Depths (4/4) D:15
    Zot (5/5) Depths:4    Gauntlet (visited)

Altars:
Cheibriados
Dithmenos
Fedhas
Hepliaklqana
Makhleb
Nemelex Xobeh
Okawaru
Sif Muna
Uskayaw
Zin
The Shining One
Jiyva
Lugonu

Shops:
D:1 (   D:2 *   D:4 *   Orc:1 =?!?   Orc:2 =*[(   Elf:1 ?   Elf:3 ?
Depths:1 **

Portals:
Hell: Depths:1 Depths:2 Depths:3 Depths:4
Abyss: Depths:2 Depths:3 Depths:4
Pandemonium: Depths:2
Ziggurat: Depths:3
Trove: Depths:2 (show abyssal rune of Zot)

Annotations:
D:2 dig for loot
D:14 Roxanne
Lair:5 1 runed translucent door, exclusion: door
Elf:1 6 runed translucent doors
Elf:2 3 runed translucent doors, exclusion: 3 doors
Zot:5 1 exclusion


Innate Abilities, Weirdness & Mutations

You have razor-sharp teeth.
Your natural rate of healing is unusually fast.
When hurt, damage is shared between your health and your magic reserves.
Your bite disrupts and absorbs the magic of your enemies.
Potions cannot restore your health.
Armour fits poorly on your strangely shaped body.
Your body sometimes deteriorates upon taking damage.
You are dopey. (Int -2)
Your magical capacity is low. (-10% MP)


Message History

The hell hog breathes fire at you.
The fireball explodes!
The fireball engulfs you! You resist. The hell hog breathes fire at you.
The fireball explodes!
The fireball engulfs you but does no damage.
You climb upwards.
There is a stone staircase leading down here.
(D) Dungeon (T) Temple (L) Lair (A) Shoals (N) Spider Nest (M) Slime Pits (O) Orcish Mines (E) Elven Halls (V) Vaults (C) Crypt (W) Tomb (U) Depths (H) Hell (Z) Zot
Where to? (Enter - D:1 @ (x,y), ? - help)
What level of the Dungeon? (default 1, ? - help)
You see here a +0 whip.
There is a stone staircase leading up here.
HP restored.
You climb upwards.
There is a stone staircase leading down here.
Magic restored.
There is a stone staircase leading up here.
You climb upwards.
Level annotation: dig for loot
There is a stone staircase leading down here.
There is a stone staircase leading up here.
You climb upwards.
There is a stone staircase leading down here.
You see here a +0 hand axe.
There is an open door here.
A smoke demon comes into view.
The smoke demon moves out of view.
Casting: Passwall (safe; 1% risk of failure)
Confirm with . or Enter, or press ? or * to list all spells.
Aiming: Passwall (safe; 1% risk of failure)
Press: ? - help, Dir - move target A rock wall.
This square is covered in magical glow.
You begin to meditate on the wall.
You continue meditating on the rock. x2
You finish merging with the rock.
There is a staircase leading out of the dungeon here.
You have escaped!

....##........#≈≈≈#....3.........
.........#######≈#######..#.#####
.........# ##.......## #.4#.# #
.........###.........###..#.# #
##.......##...........##..#.# #
##..#....#.............#.[#.### #
##..#...##.............##.....# #
....#..#.#.............#.#..#.###
......#.........@......4..#.....#
.......#.#.............#.#.......
#.#..#..##.............##..###..#
.........#.............#.........
.....#...##...........##..)###...
..##[#...###.........###...# #...
#........# ##.......## #...####.#
..####...#######≈#######........#
##............#≈≈≈#........##.###


You could see a rust devil.

Vanquished Creatures
  3 dread liches (Zot:5)
  An ancient lich (Crypt:3)
  3 orbs of fire (Zot:5)
  Mara (Vaults:5)
  A juggernaut (Depths:4)
  Josephina (Depths:3)
  Parghit (Depths:3)
  Boris (Depths:3)
  10 caustic shrikes
  Saint Roka (Crypt:1)
  2 Killer Klowns
  2 curse toes
  6 golden dragons
  2 bone dragons
  Arachne (Spider:3)
  2 electric golems
  11 tentacled monstrosities
  Rupert (D:13)
  Asterion (Vaults:2)
  23 Orb Guardians
  10 liches
  A shard shrike skeleton (Crypt:3)
  A walking divine tome (Depths:2)
  A walking earthen tome (Depths:2)
  4 deep elf blademasters (Elf:3)
  4 deep elf master archers (Elf:3)
  3 quicksilver dragons
  3 death cobs
  7 sphinxes
  2 titans (Vaults:5)
  6 ancient champions
  Polyphemus (Shoals:3)
  2 tengu reavers (Vaults:5)
  13 shadow dragons
  5 draconian monks
  2 draconian knights
  9 storm dragons
  A revenant (Crypt:1)
  14 fire giants
  9 vault wardens
  8 deep elf sorcerers
  10 frost giants
  3 iron dragons
  8 emperor scorpions
  Louise (Spider:1)
  3 ghost moths
  2 draconian scorchers (Zot:3)
  19 ironbound preservers
  A draconian shifter (Depths:4)
  A juggernaut zombie (Crypt:3)
  2 deep elf elementalists (Elf:3)
  5 curse skulls
  A spriggan defender (Depths:4)
  A broodmother (Spider:3)
  2 draconian annihilators
  A balrug (Depths:4)
  2 caustic shrike skeletons
  5 draconian stormcallers
  23 very ugly things
  A caustic shrike zombie (Depths:3)
  9 ghouls
  A juggernaut skeleton (Crypt:2)
  An orc warlord (Orc:2)
  5 war gargoyles
  15 stone giants
  3 reapers
  5 green draconians
  3 vampire knights
  3 ironbound thunderhulks
  3 deep elf demonologists
  5 yellow draconians
  2 minotaurs
  4 white draconians
  5 deep elf annihilators
  6 red draconians
  6 black draconians
  A bunyip (Depths:2)
  9 purple draconians
  7 dire elephants
  6 spark wasps
  An acid blob zombie (Crypt:3)
  14 ettins
  3 merfolk javelineers
  11 deep elf death magi
  4 eidola
  7 entropy weavers
  2 blizzard demons
  2 quicksilver dragon zombies (Crypt:2)
  14 fire dragons
  4 jiangshi
  6 great orbs of eyes
  3 merfolk impalers
  6 deep elf high priests
  20 yaktaur captains
  29 vault guards
  5 ice dragons
  A hell beast (Depths:4)
  11 hydras
  7 ironbound frosthearts
  4 catoblepae
  A juggernaut simulacrum (Depths:3)
  7 rakshasas
  A fenstrider witch zombie (Crypt:2)
  3 peacekeepers
  5 spriggan air magi
  3 merfolk aquamancers (Shoals:4)
  11 death yaks
  Erica (Lair:1)
  A fenstrider witch skeleton (Crypt:2)
  4 ogre magi (Vaults:5)
  16 dancing weapons
  7 boulder beetles
  A spriggan skeleton (Depths:3)
  3 merfolk avatars (Shoals:4)
  5 satyrs
  2 two-headed ogres
  8 centaur warriors
  2 death knights (Vaults:3)
  6 deep troll shamans
  An alligator (Depths:2)
  A titan zombie (Depths:3)
  14 deep troll earth magi
  2 tengu warriors
  8 vampire magi
  4 orc high priests
  7 hell knights
  4 skysharks
  13 deep elf knights
  Amaemon (Lair:1)
  19 skeletal warriors
  A spriggan berserker (Depths:3)
  Nergalle (D:10)
  A sixfirhy (Depths:2)
  A spark wasp zombie (Depths:1)
  4 shadow wraiths
  5 pharaoh ants
  2 soul eaters
  3 sun moths
  10 iron trolls
  A storm dragon zombie (Depths:1)
  10 sea snakes
  6 flayed ghosts
  69 deep trolls
  2 swamp dragons (Elf:3)
  6 glowing orange brains
  3 bog bodies
  2 golden dragon skeletons
  10 phantasmal warriors
  4 orb spiders
  2 iron giant skeletons
  2 tengu zombies
  5 wizards
  8 steelbarb worms
  A shadow dragon zombie (Crypt:2)
  18 ironbound convokers
  A spriggan simulacrum (Depths:3)
  16 lindwurms
  7 orc knights
  2 tengu skeletons
  19 deep elf pyromancers
  18 deep elf zephyrmancers
  9 harpies
  11 deep elf archers
  10 necromancers
  5 orc sorcerers
  23 manticores
  A faun (shapeshifter) (Depths:3)
  12 fauns
  31 ugly things
  An oklob plant (Gauntlet)
  17 wolf spiders
  4 cyclopes
  2 human zombies (Vaults:2)
  19 moths of wrath
  A sphinx skeleton (Vaults:2)
  6 elephants
  2 rust devils (Depths:2)
  A frost giant skeleton (Depths:3)
  Maurice (D:11)
  2 black mambas (Lair:3)
  An ice statue (Gauntlet)
  A moth of wrath (shapeshifter) (Vaults:5)
  12 merfolk sirens
  22 vault sentinels
  A black mamba (shapeshifter) (Vaults:5)
  An eye of devastation (Shoals:1)
  A torpor snail (shapeshifter) (Vaults:5)
  An alligator snapping turtle zombie (Crypt:2)
  9 demonic crawlers
  2 centaur skeletons (Crypt:3)
  A gargoyle (D:12)
  5 torpor snails
  5 water nymphs
  An orange demon (Lair:1)
  A guardian serpent (shapeshifter) (Vaults:5)
  A dire elephant skeleton (Crypt:1)
  6 rime drakes
  A yaktaur (shapeshifter) (Vaults:5)
  An unseen horror (D:12)
  7 komodo dragons
  An unseen horror (shapeshifter) (Elf:2)
  A tormentor (Zot:4)
  3 freezing wraiths
  8 cane toads
  21 yaktaurs
  A yellow draconian skeleton (Crypt:1)
  4 red devils (Elf:2)
  An efreet (D:13)
  A hydra zombie (Crypt:3)
  3 harpy zombies (Crypt:3)
  6 meliai
  A yaktaur skeleton (Vaults:2)
  6 wind drakes
  5 trolls
  A harpy skeleton (Crypt:2)
  A sphinx simulacrum (Depths:3)
  A hellwing (Depths:2)
  4 hornets
  A jumping spider zombie (Crypt:2)
  11 snapping turtles
  26 tarantellas
  17 merfolk
  Prince Ribbit (D:7)
  A tengu simulacrum (Depths:3)
  2 raiju
  A polar bear (Lair:2)
  12 blink frogs
  6 dream sheep
  A fire giant simulacrum (Depths:3)
  29 jumping spiders
  39 slime creatures
  4 air elementals
  A stone giant simulacrum (Vaults:2)
  7 flying skulls
  5 shadows
  2 centaur simulacra
  24 culicivoras
  2 spriggans (Depths:4)
  16 water elementals
  4 wyverns
  A hog (Lair:4)
  6 wraiths
  4 fire bats
  A basilisk (shapeshifter) (Elf:1)
  A golden eye (shapeshifter) (Vaults:5)
  5 golden eyes
  54 yaks
  2 fire elementals
  56 redbacks
  2 black mamba skeletons (Crypt:2)
  2 steam dragons
  2 elf skeletons (Vaults:4)
  7 basilisks
  4 vampire mosquitoes
  A warg (Elf:3)
  Menkaure (D:6)
  4 acid dragons
  A fire bat zombie (Crypt:1)
  A naga (D:9)
  A two-headed ogre skeleton (Crypt:2)
  16 water moccasins
  A floating eye (Shoals:1)
  2 hell hounds (Depths:2)
  A glowing shapeshifter skeleton (Depths:3)
  5 black bears
  3 ice beasts
  A sky beast (Vaults:4)
  32 orc warriors
  An elephant zombie (Crypt:3)
  A swamp dragon zombie (Crypt:2)
  A swamp drake (Vaults:4)
  3 ogres
  5 boggarts
  A hornet zombie (Crypt:2)
  2 snapping turtle skeletons
  12 wolves
  12 centaurs
  2 phantoms (D:5)
  3 kobold brigands
  10 bullfrogs
  5 earth elementals
  3 necrophages
  3 scorpions
  A cyclops skeleton (Crypt:2)
  2 wights
  11 killer bees
  6 howler monkeys
  7 electric eels
  A lava snake (Orc:2)
  5 jellies
  25 orc priests
  3 hounds
  Terence (D:2)
  2 iguanas (D:5)
  26 orc wizards
  A scorpion zombie (Crypt:3)
  A sky beast zombie (Crypt:3)
  A hound skeleton (Crypt:2)
  15 gnolls
  A howler monkey skeleton (Crypt:1)
  9 adders
  A shadow imp (D:7)
  2 white imps
  A worm (D:4)
  2 dart slugs
  92 orcs
  7 ball pythons
  A bat zombie (Crypt:1)
  9 endoplasms
  4 giant cockroaches
  29 goblins
  24 hobgoblins
  6 jackals
  A river rat zombie (Crypt:1)
  6 bats
  4 frilled lizards
  A goblin skeleton (Crypt:3)
  A jackal skeleton (Crypt:2)
  16 kobolds
  3 orc zombies
  A quokka zombie (Crypt:3)
  5 rats (D:1)
  A tentacle (Shoals:4)
2060 creatures vanquished.

Vanquished Creatures (collateral kills)
  A bone dragon (Depths:4)
  A lich (Vaults:4)
  A kraken (Shoals:4)
  Gastronok (D:12)
  A shadow dragon (Vaults:5)
  An emperor scorpion (Spider:3)
  An orc warlord (Vaults:4)
  2 ironbound preservers (Vaults:4)
  A stone giant (Vaults:5)
  A spark wasp (Depths:1)
  A minotaur (Gauntlet)
  A dire elephant (Vaults:4)
  A rakshasa (Depths:1)
  3 centaur warriors (D:13)
  A jorogumo (Spider:3)
  2 orc high priests (Orc:2)
  Urug (Lair:1)
  5 skeletal warriors
  An iron troll (Depths:2)
  2 deep trolls (Vaults:4)
  2 ironbound convokers (Vaults:4)
  4 orc knights
  2 orc sorcerers (Orc:2)
  A cyclops (Shoals:3)
  An ugly thing (D:13)
  2 manticores
  A water nymph (Shoals:4)
  2 vault sentinels
  2 cane toads
  A komodo dragon (Lair:1)
  A troll (D:13)
  Grinder (D:6)
  3 tarantellas
  A dream sheep (Shoals:3)
  A large abomination (Gauntlet)
  A jumping spider (Spider:1)
  A wyvern (Lair:1)
  A centaur simulacrum (D:12)
  A basilisk (Lair:5)
  3 redbacks
  4 yaks
  A vampire mosquito (D:13)
  A water moccasin (Lair:2)
  4 orc warriors
  An ice beast (D:12)
  A black bear (Lair:1)
  5 centaurs (D:13)
  2 bullfrogs (Lair:1)
  3 wights (D:7)
  An orc priest (Orc:2)
  2 orc wizards (Orc:2)
  3 small abominations (Gauntlet)
  A white imp (D:12)
  3 orcs
  A tentacle (Shoals:4)
94 creatures vanquished.

Vanquished Creatures (others)
  Kirke (Lair:4)
  A deep elf knight (Elf:1)
  A wizard (Vaults:4)
  A deep elf zephyrmancer (Elf:3)
  An orc warrior (Elf:1)
  A boggart (D:15)
  An orc priest (Elf:1)
  An orc wizard (Crypt:1)
  4 orcs (Elf:1)
  14 tentacles (Shoals:4)
26 creatures vanquished.

Grand Total: 2180 creatures vanquished

Notes
Turn   | Place    | Note
-------+----------+-------------------------------------------
     0 | D:1      | SuperSeabass the Vine Stalker Earth Elementalist began the
                  | quest for the Orb.
     0 | D:1      | Reached XP level 1. HP: 9/9 MP: 4/4
   183 | D:1      | Reached XP level 2. HP: 13/13 MP: 4/6
   251 | D:1      | Found Ypnuciots's Weapon Shoppe.
   272 | D:1      | Learned a level 2 spell: Passwall
   477 | D:1      | Found a faded altar of an unknown god.
   704 | D:1      | Reached XP level 3. HP: 16/16 MP: 4/7
  1227 | D:2      | Noticed Terence
  1248 | D:1      | Learned a level 3 spell: Stone Arrow
  1671 | D:3      | Gained mutation: Your natural rate of healing is unusually
                  | fast. [Vine Stalker growth]
  1671 | D:3      | Reached XP level 4. HP: 21/21 MP: 7/9
  2169 | D:3      | Reached skill level 1 in Conjurations
  2874 | D:4      | Found Ohecze's Assorted Antiques.
  2990 | D:4      | Bought a bubbling red potion for 18 gold pieces
  3058 | D:4      | Found a sparkling altar of Nemelex Xobeh.
  3084 | D:4      | Became a worshipper of Nemelex Xobeh the Trickster
  3593 | D:4      | Reached XP level 5. HP: 24/24 MP: 8/10
  4290 | D:4      | Reached XP level 6. HP: 9/28 MP: 3/11
  4350 | D:4      | Reached skill level 1 in Invocations
  4597 | D:5      | Entered Level 5 of the Dungeon
  4674 | D:5      | Found a glowing silver altar of Zin.
  4731 | D:5      | Found a shadowy altar of Dithmenos.
  4768 | D:5      | Reached skill level 5 in Earth Magic
  4938 | D:5      | Reached skill level 5 in Stealth
  4938 | D:5      | Reached XP level 7. HP: 32/32 MP: 8/13
  5601 | D:6      | Reached * piety under Nemelex Xobeh
  5769 | D:2      | Found Semum's General Store.
  5773 | D:2      | Bought a scroll of identify for 26 gold pieces
  5773 | D:2      | Bought a scroll of blinking for 97 gold pieces
  5787 | D:2      | Killed Terence
  6363 | D:6      | Received a gift from Nemelex Xobeh
  6402 | D:6      | Gained mutation: You have razor-sharp teeth. [Vine Stalker
                  | growth]
  6402 | D:6      | Reached XP level 8. HP: 36/36 MP: 15/15
  6484 | D:6      | Noticed Grinder
  6492 | D:6      | Killed Grinder
  7041 | D:6      | Found a snail-covered altar of Cheibriados.
  7142 | D:6      | Noticed Menkaure
  7147 | D:6      | Killed Menkaure
  7477 | D:6      | Found a glowing golden altar of the Shining One.
  7562 | D:7      | Found a staircase to the Ecumenical Temple.
  7672 | D:7      | Reached skill level 5 in Spellcasting
  7672 | D:7      | Reached skill level 5 in Conjurations
  7812 | D:7      | Reached ** piety under Nemelex Xobeh
  7826 | D:7      | Reached XP level 9. HP: 39/39 MP: 14/17
  8007 | D:7      | Found a blossoming altar of Fedhas.
  8477 | D:7      | Noticed Prince Ribbit
  8486 | D:7      | Killed Prince Ribbit
  8769 | D:8      | Found an iron altar of Okawaru.
  9143 | D:8      | Found a shimmering blue altar of Sif Muna.
  9144 | D:8      | Found a hazy altar of Hepliaklqana.
  9685 | D:9      | Reached skill level 5 in Invocations
  9685 | D:9      | Reached XP level 10. HP: 40/44 MP: 5/20
 10006 | D:9      | Found a staircase to the Orcish Mines.
 10241 | D:9      | Found a staircase to the Lair.
 10497 | D:9      | Received a gift from Nemelex Xobeh
 10871 | D:10     | Entered Level 10 of the Dungeon
 10997 | D:10     | Reached *** piety under Nemelex Xobeh
 11267 | D:10     | Noticed Nergalle
 11371 | D:10     | Received a gift from Nemelex Xobeh
 11395 | D:10     | Found a burning altar of Makhleb.
 12092 | D:11     | Reached skill level 1 in Fighting
 12148 | D:11     | Noticed a manticore
 12157 | D:11     | Killed a manticore
 12217 | D:11     | Noticed a cyan ugly thing
 12561 | D:8      | Reached XP level 11. HP: 49/49 MP: 12/22
 12819 | Lair:1   | Entered Level 1 of the Lair of Beasts
 12910 | Lair:1   | Noticed Urug
 12935 | Lair:1   | Killed Urug
 12942 | Lair:1   | Reached skill level 2 in Fighting
 12945 | Lair:1   | Reached skill level 10 in Earth Magic
 13006 | Lair:1   | Identified the +4 trident of Tuos {freeze, rF- rN+ SInv}
 13009 | Lair:1   | Noticed Erica
 13089 | Lair:1   | Killed Erica
 13330 | Lair:1   | Received a gift from Nemelex Xobeh
 13364 | Lair:1   | Reached skill level 3 in Fighting
 13567 | Lair:1   | Noticed Amaemon
 13644 | Lair:1   | Killed Amaemon
 13865 | Lair:1   | Reached XP level 12. HP: 51/58 MP: 12/25
 13874 | Lair:1   | Reached skill level 4 in Fighting
 14475 | Lair:2   | Reached **** piety under Nemelex Xobeh
 15205 | Lair:2   | Received a gift from Nemelex Xobeh
 15220 | Lair:2   | Reached skill level 5 in Fighting
 15476 | Lair:2   | Reached skill level 5 in Dodging
 15719 | Lair:3   | Found a gate leading to a gauntlet.
 15744 | Gauntlet | Entered a Gauntlet
 15744 | Gauntlet | Found a transporter.
 15747 | Gauntlet | Found a transporter.
 15751 | Gauntlet | Found a transporter.
 15763 | Gauntlet | Found a transporter.
 15764 | Gauntlet | Found a transporter.
 15765 | Gauntlet | Received a gift from Nemelex Xobeh
 15771 | Gauntlet | Found a transporter.
 15775 | Gauntlet | Found a transporter.
 15777 | Gauntlet | Noticed a blizzard demon
 15783 | Gauntlet | Found a transporter.
 15787 | Gauntlet | Found a transporter.
 15805 | Gauntlet | Found a transporter.
 15818 | Gauntlet | Found a transporter.
 15830 | Gauntlet | Found a transporter.
 15842 | Gauntlet | Found a transporter.
 15854 | Gauntlet | Found a transporter.
 16345 | Gauntlet | Reached skill level 10 in Stealth
 16351 | Gauntlet | Identified the staff of earth "Kanwumawk" {Str+5 Int+8}
 16473 | Gauntlet | Noticed a minotaur
 16478 | Gauntlet | Killed a minotaur
 16708 | Lair:3   | Received a gift from Nemelex Xobeh
 16865 | Lair:3   | Reached XP level 13. HP: 65/65 MP: 22/27
 16896 | Lair:3   | Found a hole to the Spider Nest.
 17080 | Lair:3   | Received a gift from Nemelex Xobeh
 17113 | Lair:3   | Reached ***** piety under Nemelex Xobeh
 17181 | Lair:3   | Reached skill level 6 in Fighting
 17284 | Lair:3   | Found a staircase to the Shoals.
 17705 | Lair:4   | Noticed Kirke
 17849 | Lair:4   | Received a gift from Nemelex Xobeh
 18206 | Lair:4   | Killed Kirke
 18207 | Lair:4   | Reached skill level 10 in Conjurations
 18431 | Lair:4   | Received a gift from Nemelex Xobeh
 18912 | Lair:5   | Entered Level 5 of the Lair of Beasts
 19160 | Lair:5   | Received a gift from Nemelex Xobeh
 19286 | Lair:5   | Found a runed translucent door.
 19291 | Lair:5   | Reached skill level 1 in Armour
 19420 | Lair:5   | Reached skill level 10 in Spellcasting
 19555 | Lair:5   | Identified the +5 scale mail of Hassoorr {rF+ Will+ Str-2}
 19753 | Lair:5   | Received a gift from Nemelex Xobeh
 19789 | Lair:5   | Noticed Sonja
 19791 | Lair:5   | Sonja changed into Sonja the blink frog
 19791 | Lair:5   | Noticed Sonja
 19797 | Lair:5   | Killed Sonja the blink frog
 19803 | Lair:5   | Found a viscous altar of Jiyva.
 19805 | Lair:5   | Reached skill level 7 in Fighting
 19901 | Lair:5   | Found a staircase to the Slime Pits.
 20508 | Lair:5   | Reached skill level 10 in Invocations
 20647 | Lair:5   | Reached XP level 14. HP: 72/72 MP: 14/29
 21352 | D:10     | Killed Nergalle
 21713 | D:11     | Noticed Maurice
 21734 | D:11     | Killed Maurice
 21939 | D:11     | Received a gift from Nemelex Xobeh
 22546 | Orc:1    | Entered Level 1 of the Orcish Mines
 22546 | Orc:1    | Found Pideon's Magic Scroll Emporium.
 22546 | Orc:1    | Found Ivos's Magic Scroll Emporium.
 22556 | D:9      | Reached skill level 8 in Fighting
 23345 | Orc:1    | Bought a scroll of blinking for 97 gold pieces
 23359 | Orc:1    | Found Boemacvo's Jewellery Shop.
 23450 | Orc:1    | Found Iga Hoedeti's Distillery.
 23734 | Orc:2    | Entered Level 2 of the Orcish Mines
 24479 | Orc:2    | Found a staircase to the Elven Halls.
 24481 | Orc:2    | Received a gift from Nemelex Xobeh
 25058 | Orc:2    | Reached skill level 5 in Armour
 25318 | Orc:2    | Noticed an orc warlord
 25324 | Orc:2    | Killed an orc warlord
 25874 | Orc:2    | Found Kizonlas's Antique Armour Shoppe.
 25875 | Orc:2    | Found Hujyif's Antique Weapon Emporium.
 25877 | Orc:2    | Found Uppyotuali's General Store.
 25877 | Orc:2    | Found Arossav's Jewellery Shoppe.
 25999 | Orc:2    | Bought a shimmering buckler for 237 gold pieces
 25999 | Orc:2    | Identified the +0 buckler of Antique Liberty {rPois} (You
                  | bought it in a shop on level 2 of the Orcish Mines)
 26018 | Orc:2    | Bought the amulet of Kindness {Reflect +Inv Regen+ Str+3
                  | Dex+2 SH+5} for 926 gold pieces
 26117 | Orc:1    | Bought a potion of attraction for 36 gold pieces
 26146 | Orc:1    | Bought a scroll of fear for 52 gold pieces
 26146 | Orc:1    | Bought a scroll of enchant armour for 97 gold pieces
 26146 | Orc:1    | Bought a scroll of fear for 52 gold pieces
 26158 | Orc:1    | Bought a scroll of fear for 56 gold pieces
 26158 | Orc:1    | Bought a scroll of enchant armour for 105 gold pieces
 26158 | Orc:1    | Bought a scroll of fog for 56 gold pieces
 26522 | D:12     | Reached skill level 1 in Shields
 26584 | D:12     | Reached skill level 9 in Fighting
 26824 | D:12     | Noticed Gastronok
 26847 | D:12     | Killed Gastronok
 26848 | D:12     | Reached XP level 15. HP: 69/79 MP: 14/30
 27014 | D:12     | Found a transporter.
 27322 | D:12     | Found a transporter.
 27384 | D:12     | Reached ****** piety under Nemelex Xobeh
 27384 | D:12     | Received a gift from Nemelex Xobeh
 27886 | D:2      | Identified the +4 spear of the Battered Heavens {speed,
                  | *Rage *Noise Int+9}
 28329 | D:12     | Reached skill level 1 in Maces & Flails
 28544 | D:13     | Noticed Rupert
 28550 | D:13     | Killed Rupert
 28654 | D:13     | Received a gift from Nemelex Xobeh
 29234 | Orc:2    | Bought a scroll of identify for 24 gold pieces
 29628 | D:13     | Found a gate to the Vaults.
 29944 | D:14     | Received a gift from Nemelex Xobeh
 29977 | D:14     | Identified Roxanne's Handbook of the Cwm
 29977 | D:14     | Noticed Roxanne
 30702 | D:14     | Reached skill level 10 in Fighting
 30702 | D:14     | Reached skill level 5 in Maces & Flails
 30928 | D:14     | Received a gift from Nemelex Xobeh
 31065 | D:15     | Entered Level 15 of the Dungeon
 31116 | D:15     | Reached XP level 16. HP: 69/85 MP: 25/31
 31646 | D:15     | Found a staircase to the Depths.
 32308 | Spider:1 | Entered Level 1 of the Spider Nest
 32349 | Spider:1 | Identified the +2 helmet of Xelidot {rN+ Str+8 Stlth-}
 32357 | Spider:1 | Reached skill level 5 in Shields
 32565 | Spider:1 | Noticed Louise
 32595 | Spider:1 | Killed Louise
 32743 | Spider:1 | You fall into a shaft and drop 1 floor!
 32903 | Spider:1 | Received a gift from Nemelex Xobeh
 33762 | Spider:2 | Reached skill level 10 in Dodging
 34568 | Spider:3 | Identified a scroll of acquirement
 34573 | Spider:3 | Acquired the Collected Works on the Felsic Bonfire
 35005 | Spider:3 | Received a gift from Nemelex Xobeh
 35233 | Spider:3 | Reached skill level 11 in Fighting
 35414 | Spider:3 | Noticed Arachne
 35504 | Spider:3 | Reached XP level 17. HP: 56/91 MP: 27/32
 35889 | Spider:4 | Entered Level 4 of the Spider Nest
 36502 | Spider:4 | Received a gift from Nemelex Xobeh
 37443 | Spider:3 | Killed Arachne
 37460 | Spider:3 | Acquired 568 gold pieces
 37672 | Shoals:1 | Entered Level 1 of the Shoals
 37858 | Shoals:1 | Reached skill level 10 in Maces & Flails
 37878 | Shoals:1 | Received a gift from Nemelex Xobeh
 38956 | Shoals:2 | Identified the +5 longbow of Xom's Respect {elec, rElec
                  | MP+9 Int-2}
 39026 | Shoals:2 | Received a gift from Nemelex Xobeh
 39075 | Shoals:2 | Found a hide-covered altar of Uskayaw.
 39372 | Shoals:2 | Reached XP level 18. HP: 98/98 MP: 33/33
 39742 | Shoals:3 | Received a gift from Nemelex Xobeh
 39847 | Shoals:3 | Received a gift from Nemelex Xobeh
 40184 | Shoals:3 | Noticed Polyphemus
 40210 | Shoals:3 | Killed Polyphemus
 40211 | Shoals:3 | Reached skill level 12 in Fighting
 40443 | Shoals:3 | Learned a level 5 spell: Lee's Rapid Deconstruction
 40458 | Shoals:4 | Entered Level 4 of the Shoals
 40530 | Shoals:4 | Noticed Aizul
 40538 | Shoals:4 | Aizul changed into Aizul the death yak
 40538 | Shoals:4 | Noticed Aizul
 40544 | Shoals:4 | Killed Aizul the death yak
 40635 | Shoals:4 | Received a gift from Nemelex Xobeh
 40821 | Shoals:4 | Reached skill level 1 in Ice Magic
 40821 | Shoals:4 | Identified the ring "Jessaw" {Contam rF- Str+2 Int+6 Dex+6}
 40877 | Shoals:4 | Reached skill level 1 in Air Magic
 41328 | Shoals:3 | Learned a level 3 spell: Swiftness
 41332 | Shoals:3 | Learned a level 3 spell: Ozocubu's Armour
 41418 | Shoals:4 | Received a gift from Nemelex Xobeh
 41913 | Shoals:4 | Got a barnacled rune of Zot
 42380 | Orc:2    | Bought a ring of protection from cold for 425 gold pieces
 42383 | Orc:2    | Bought a ring of protection from fire for 425 gold pieces
 42387 | Orc:2    | Bought a ring of willpower for 425 gold pieces
 42842 | Spider:4 | Got a gossamer rune of Zot
 42848 | Spider:4 | Identified the orb of Temperance {light, rElec Str+2}
 43172 | Vaults:1 | Entered Level 1 of the Vaults
 43691 | D:13     | Reached XP level 19. HP: 89/102 MP: 34/34
 43855 | Vaults:1 | Received a gift from Nemelex Xobeh
 43950 | Vaults:1 | Received a gift from Nemelex Xobeh
 44464 | Vaults:1 | Received a gift from Nemelex Xobeh
 45131 | Vaults:2 | Received a gift from Nemelex Xobeh
 45211 | Vaults:2 | Noticed Asterion
 45352 | Vaults:2 | Found a flickering gateway to a bazaar.
 45371 | Bazaar   | Entered a bazaar
 45385 | Bazaar   | Found Paoc's Antique Armour Shoppe.
 45385 | Bazaar   | Found Nidgh's Antique Armour Emporium.
 45407 | Bazaar   | Found Geip's Antique Weapon Shoppe.
 45407 | Bazaar   | Found Judaryho's Antique Armour Emporium.
 45429 | Bazaar   | Found Xurhuh's Assorted Antiques.
 45429 | Bazaar   | Found Seg Noud's Magic Scroll Emporium.
 45491 | Bazaar   | Bought the +3 pair of gauntlets of War {Slay+5} for 807
                  | gold pieces
 45491 | Bazaar   | Found the +3 pair of gauntlets of War {Slay+5}
 45619 | Vaults:2 | Identified the +1 robe of Unreason {Harm +Inv Int+3 Dex+4}
 45722 | Vaults:2 | Killed Asterion
 45736 | Vaults:2 | Reached skill level 13 in Fighting
 46402 | Vaults:2 | Reached skill level 5 in Air Magic
 46423 | Vaults:2 | Received a gift from Nemelex Xobeh
 46453 | Vaults:2 | Reached skill level 5 in Ice Magic
 46596 | Vaults:2 | Got Qikhal's Omnibus of the Discontinuous Evil Eye
 46934 | Vaults:3 | Received a gift from Nemelex Xobeh
 47101 | Vaults:3 | Reached XP level 20. HP: 109/109 MP: 35/35
 47241 | Vaults:3 | Identified the +2 long sword of Joss {vamp, Fragile Str+3
                  | Int+5}
 47401 | Vaults:3 | Found a staircase to the Crypt.
 47493 | Vaults:3 | Received a gift from Nemelex Xobeh
 47949 | Vaults:4 | Received a gift from Nemelex Xobeh
 48011 | Vaults:4 | Noticed Margery
 48019 | Vaults:4 | Margery changed into Margery the shard shrike
 48019 | Vaults:4 | Noticed Margery
 48020 | Vaults:4 | Margery the shard shrike changed into Margery the azure
                  | jelly
 48020 | Vaults:4 | Noticed Margery
 48020 | Vaults:4 | Margery the azure jelly changed into Margery the water
                  | nymph
 48020 | Vaults:4 | Noticed Margery
 48029 | Vaults:4 | Killed Margery the water nymph
 48895 | Vaults:4 | Reached skill level 14 in Fighting
 49638 | Vaults:4 | Received a gift from Nemelex Xobeh
 49907 | Vaults:4 | Learned a level 5 spell: Freezing Cloud
 49974 | Crypt:1  | Entered Level 1 of the Crypt
 50277 | Vaults:3 | Reached XP level 21. HP: 116/116 MP: 31/36
 50396 | Crypt:1  | Received a gift from Nemelex Xobeh
 50416 | Crypt:1  | Noticed Saint Roka
 50433 | Crypt:1  | Killed Saint Roka
 51227 | Crypt:2  | Received a gift from Nemelex Xobeh
 51452 | Crypt:2  | Identified the +9 flail of Valiance {protect, rPois}
 51634 | Crypt:2  | Received a gift from Nemelex Xobeh
 51830 | Crypt:2  | Reached skill level 15 in Invocations
 52027 | Crypt:3  | Entered Level 3 of the Crypt
 52027 | Crypt:3  | Received a gift from Nemelex Xobeh
 52562 | Crypt:3  | Reached skill level 15 in Fighting
 52689 | Crypt:3  | Received a gift from Nemelex Xobeh
 52960 | Crypt:3  | Found a staircase to the Tomb.
 53222 | Crypt:3  | Noticed a bone dragon
 53279 | Crypt:3  | Killed a bone dragon
 53338 | Crypt:3  | Noticed an ancient lich
 53631 | Crypt:3  | Killed an ancient lich
 53661 | Crypt:3  | Got the Guide on Nightshade
 53665 | Crypt:3  | Identified the amulet of Weclefad {rC++ Regen+ Int+3 Slay+2
                  | Stlth+}
 53665 | Crypt:3  | Identified the ring of Jocalen {rN+ Int+3 Dex+2}
 53665 | Crypt:3  | Identified the ring "Uryobb" {rN+ Int+5}
 53944 | Depths:1 | Entered Level 1 of the Depths
 53961 | D:15     | Reached XP level 22. HP: 52/122 MP: 24/37
 53987 | Depths:1 | Noticed a golden dragon
 54028 | Depths:1 | Killed a golden dragon
 54029 | Depths:1 | Reached skill level 10 in Armour
 54147 | Depths:1 | Found a gateway to Hell.
 54331 | Depths:1 | Noticed a caustic shrike
 54358 | Depths:1 | a caustic shrike changed into an iron dragon
 54361 | Depths:1 | Noticed a caustic shrike
 54363 | Depths:1 | Noticed a caustic shrike
 54368 | Depths:1 | Killed a caustic shrike
 54370 | Depths:1 | Noticed a caustic shrike
 54380 | Depths:1 | Killed a caustic shrike
 54389 | Depths:1 | Killed a caustic shrike
 54408 | Depths:1 | Noticed a caustic shrike
 54591 | Depths:1 | Found Wuexal's Specific Store.
 54595 | Depths:1 | Found Peif Leu's General Store.
 54597 | Depths:1 | Found a blossoming altar of Fedhas.
 54837 | Depths:1 | Killed a caustic shrike
 54931 | Depths:2 | Received a gift from Nemelex Xobeh
 54971 | Depths:2 | Found a corrupted altar of Lugonu.
 54971 | Depths:2 | Found a one-way gate to the infinite horrors of the Abyss.
 55440 | Depths:2 | Reached skill level 16 in Fighting
 55657 | Depths:2 | Found a portal to a secret trove of treasure.
 55896 | Depths:2 | Reached XP level 23. HP: 124/128 MP: 38/38
 55968 | Depths:2 | Received a gift from Nemelex Xobeh
 55976 | Depths:2 | Got the Handbook of the Missiles
 56014 | Depths:2 | Found a burning altar of Makhleb.
 56146 | Depths:2 | Found a one-way gate leading to the halls of Pandemonium.
 56277 | Depths:2 | Identified the +0 scale mail of the Louse {Rampage Drain
                  | rElec rC++}
 56731 | Depths:3 | Noticed Parghit
 56738 | Depths:3 | Killed Parghit
 56857 | Depths:3 | Noticed Boris
 56876 | Depths:3 | Killed Boris
 56928 | Depths:3 | Received a gift from Nemelex Xobeh
 57084 | Depths:3 | Found a one-way gateway to a ziggurat.
 57263 | Depths:3 | Noticed Josephina
 57389 | Depths:3 | Killed Josephina
 57392 | Depths:3 | Paralysed by a floating eye for 4 turns
 57402 | Depths:3 | Reached skill level 15 in Stealth
 57455 | Depths:3 | Identified the ring "Duusarpho" {Ice Fly rPois Dex-2
                  | Stlth+}
 57480 | Depths:3 | Found a sparkling altar of Nemelex Xobeh.
 57955 | Depths:4 | Entered Level 4 of the Depths
 58033 | Depths:4 | Received a gift from Nemelex Xobeh
 58239 | Depths:4 | Noticed a caustic shrike
 58239 | Depths:4 | Noticed a caustic shrike
 58259 | Depths:4 | Noticed a caustic shrike
 58290 | Depths:4 | Killed a caustic shrike
 58296 | Depths:4 | Killed a caustic shrike
 58298 | Depths:4 | Killed a caustic shrike
 58299 | Depths:4 | Reached skill level 10 in Ice Magic
 58299 | Depths:4 | Reached skill level 10 in Air Magic
 58342 | Depths:4 | Noticed a juggernaut
 58353 | Depths:4 | Identified the +3 trident of Disorder {venom, rPois rF+}
 58357 | Depths:4 | Killed a juggernaut
 58547 | Depths:4 | Reached skill level 17 in Fighting
 58795 | Depths:4 | Reached XP level 24. HP: 132/136 MP: 37/38
 59055 | Depths:4 | Found a gate to the Realm of Zot.
 59301 | Depths:4 | Noticed a caustic shrike
 59312 | Depths:4 | Killed a caustic shrike
 59314 | Depths:4 | Noticed a caustic shrike
 59327 | Depths:4 | Killed a caustic shrike
 59349 | Depths:4 | Noticed a caustic shrike
 59359 | Depths:4 | Killed a caustic shrike
 59752 | Elf:1    | Entered Level 1 of the Elven Halls
 60017 | Elf:2    | Received a gift from Nemelex Xobeh
 60063 | Elf:1    | Paralysed by an air elemental for 1 turns
 60320 | Elf:1    | Paralysed by an air elemental for 1 turns
 60345 | Elf:1    | Paralysed by an air elemental for 1 turns
 60414 | Elf:1    | Reached skill level 1 in Throwing
 60470 | Elf:1    | Found a runed translucent gate.
 60470 | Elf:1    | Found a runed translucent gate.
 60470 | Elf:1    | Found a runed translucent gate.
 60470 | Elf:1    | Found a runed translucent gate.
 60470 | Elf:1    | Found a runed translucent gate.
 60472 | Elf:1    | Found a runed translucent gate.
 60479 | Elf:1    | Identified the +11 plate armour "Esup" {Str+2 Int-3 Dex+4}
 60606 | Elf:1    | Found Yfykuhor's Magic Scroll Shoppe.
 61130 | Elf:2    | Found a runed translucent gate.
 61130 | Elf:2    | Found a runed translucent gate.
 61130 | Elf:2    | Found a runed translucent gate.
 61236 | Elf:3    | Entered Level 3 of the Elven Halls
 61236 | Elf:3    | Received a gift from Nemelex Xobeh
 61458 | Elf:3    | Received a gift from Nemelex Xobeh
 61844 | Elf:3    | Found The Oracle's Delphic Readings.
 61848 | Elf:3    | Bought a scroll of magic mapping for 105 gold pieces
 61848 | Elf:3    | Bought a scroll of enchant weapon for 105 gold pieces
 62127 | Elf:3    | Received a gift from Nemelex Xobeh
 62222 | Elf:3    | Identified the +3 broad axe of Wyrd {protect, rC+ Will+
                  | Str-3}
 62227 | Elf:3    | Paralysed by an air elemental for 1 turns
 62236 | Elf:3    | Identified the ring "Asoyps" {rPois rN++ rCorr}
 62389 | Elf:3    | Reached skill level 18 in Fighting
 62404 | Elf:3    | Identified the ring "Waoniwas" {rElec AC+4 Str-3 Int+2
                  | Dex+8}
 62529 | Elf:3    | Got the Writings on Frosty Enchantment
 62538 | Elf:3    | Got the Grimoire of the Assembled Winter
 63231 | Vaults:5 | Entered Level 5 of the Vaults
 63323 | Vaults:5 | Received a gift from Nemelex Xobeh
 63383 | Vaults:5 | Noticed Mara
 63409 | Vaults:5 | Killed Mara
 63410 | Vaults:5 | Reached XP level 25. HP: 142/142 MP: 38/38
 63615 | Vaults:5 | Identified the +8 trident "Hinacaf" {freeze, *Rage rElec
                  | rPois}
 63859 | Vaults:5 | Reached skill level 5 in Throwing
 63969 | Vaults:5 | Identified the +5 dagger of Drought {drain, rPois rC+}
 64173 | Vaults:5 | Reached skill level 19 in Fighting
 64326 | Vaults:5 | Reached skill level 15 in Dodging
 64571 | Vaults:5 | Identified the +1 robe of the Land of Plenty {Dex+2 Slay+6}
 64756 | Vaults:5 | Got the Compilation of Red-Hot Mustering
 64913 | Vaults:5 | Got a silver rune of Zot
 65322 | Orc:1    | Bought a potion of brilliance for 48 gold pieces
 65322 | Orc:1    | Bought a potion of mutation for 96 gold pieces
 65322 | Orc:1    | Bought a potion of might for 48 gold pieces
 65322 | Orc:1    | Bought a potion of might for 48 gold pieces
 65351 | Orc:1    | Bought a scroll of magic mapping for 97 gold pieces
 65351 | Orc:1    | Bought a scroll of poison for 52 gold pieces
 65701 | Zot:1    | Entered Level 1 of the Realm of Zot
 65705 | Zot:1    | Received a gift from Nemelex Xobeh
 66113 | Zot:3    | Reached XP level 26. HP: 117/151 MP: 33/38
 66350 | Zot:3    | Received a gift from Nemelex Xobeh
 66412 | Zot:4    | Reached skill level 20 in Fighting
 66525 | Zot:4    | Noticed a Killer Klown
 66539 | Zot:4    | Killed a Killer Klown
 66644 | Zot:5    | Entered Level 5 of the Realm of Zot
 66828 | Zot:5    | Received a gift from Nemelex Xobeh
 67286 | Zot:5    | Noticed a dread lich
 67301 | Zot:5    | Noticed an orb of fire
 67302 | Zot:5    | Noticed a dread lich
 67319 | Zot:5    | Reached skill level 10 in Throwing
 67329 | Zot:5    | Killed a dread lich
 67341 | Zot:5    | Killed a dread lich
 67356 | Zot:5    | Gained mutation: You are dopey. (Int -2) [an orb of fire]
 67430 | Zot:5    | Gained mutation: Armour fits poorly on your strangely
                  | shaped body. [an orb of fire]
 67446 | Zot:5    | Killed an orb of fire
 67457 | Zot:5    | Noticed an orb of fire
 67484 | Zot:5    | Gained mutation: Your body sometimes deteriorates upon
                  | taking damage. [an orb of fire]
 67499 | Zot:5    | Killed an orb of fire
 67587 | Zot:5    | Noticed an orb of fire
 67611 | Zot:5    | Gained mutation: Your magical capacity is low. (-10% MP)
                  | [an orb of fire]
 67613 | Zot:5    | Killed an orb of fire
 67620 | Zot:5    | Reached skill level 21 in Fighting
 67649 | Zot:5    | Noticed a dread lich
 67649 | Zot:5    | Noticed a Killer Klown
 67660 | Zot:5    | Killed a dread lich
 67670 | Zot:5    | Killed a Killer Klown
 67703 | Zot:5    | Received a gift from Nemelex Xobeh
 67777 | Zot:5    | Reached XP level 27. HP: 145/159 MP: 30/34
 67809 | Zot:5    | Got the Orb of Zot
 67848 | Zot:5    | Noticed Pocruzef the pandemonium lord
 67905 | Zot:3    | Noticed Dot Daem the pandemonium lord
 68364 | D:$      | Escaped with the Orb!

Illustrated notes

Levels and vault maps discovered:
D:1:      psy_arrival_dodecagon, layout_basic, basic_ecumenical_altar,
          serial_shops, nicolae_shop_hallway_stairs
D:2:      cheibrodos_helix_gallery, layout_basic, serial_shops,
          nicolae_shop_tiny_real_fake_doors, corexii_hall_statues_x,
          due_unseen_surprise, uniq_terence
D:3:      layout_basic
D:4:      minmay_goblin_kobold_castle, layout_basic, lemuel_round_altar,
          serial_shops, shop
D:5:      layout_loops_ring, jmf_multi_god_temple, hex_large
D:6:      layout_layer_cave, cheibriados_altar_1, tso_oasis_becter,
          serial_co_window_serial, co_window_paths_b, co_window_paths_a,
          co_window_corner_a, co_window_corner_a, co_window_paths_a,
          co_window_paths_b, co_window_cross_1, co_window_corner_b,
          co_window_corner_b, co_window_2corner, co_window_4corner_b,
          co_window_4corner_a, glass_columns_b, glass_columns_a,
          glass_columns_c, glass_columns_c, uniq_grinder, uniq_menkaure
D:7:      layout_rooms, minmay_temple_entry_sparse_star, minmay_ruined_shrine,
          uniq_prince_ribbit1
D:8:      layout_loops_cross, mainiacjoe_overflow_paths,
          grunt_temple_overflow_open
D:9:      layout_basic, lair_entry_dummy, david_orc_2, serial_corexii_hall,
          corexii_hall_statues_i, corexii_hall_statues_t,
          minmay_misc_feat_doors, lightli_fourway_metalbox
D:10:     layout_basic, lightli_temple_of_fire, hangedman_decor_clover_reticule,
          uniq_nergalle
D:11:     layout_loops_ring, uniq_maurice
D:12:     gammafunk_cloud_chamber, layout_basic, serial_ice, serial_ice_h,
          serial_ice_l, serial_ice_c, serial_ice_g, kennysheep_four_rooms,
          uniq_gastronok
D:13:     layout_cave_pools, lightli_vaults_fourway_checkpoint, uniq_rupert
D:14:     layout_rooms, uniq_roxanne
D:15:     hangedman_depths_entry_civil_slaughter, layout_rooms, serial_curves,
          eino_curves_01, eino_curves_02
Lair:1:   layout_loops_ring, beast_lair_carwin_4, wad_woods_river_01,
          uniq_erica, uniq_urug, uniq_amaemon
Lair:2:   layout_cave_pods, serial_bayou_shore_a
Lair:3:   layout_long_grid, minmay_shoals_entry_lonely_mermaid,
          spider_nest_entry_a, gauntlet_entry_generic
Lair:4:   layout_gridlike, serial_forest, infiniplex_forest_straight_2,
          infiniplex_forest_split, infiniplex_forest_clump_large,
          infiniplex_forest_clump_diagonal, infiniplex_forest_end_3,
          st_stairs_5, infiniplex_staircase_pool_2, lemuel_fruit_tree,
          uniq_kirke
Lair:5:   evilmike_catoblepas_cave, layout_cave_shapes, slime_entry_2,
          nicolae_volcano_entry_s_turn, uniq_sonja
Shoals:1: layout_shoals
Shoals:2: layout_shoals, regret_index_shoals_crete
Shoals:3: layout_shoals, uniq_polyphemus
Shoals:4: shoals_end_hangedman, layout_shoals, uniq_aizul
Spider:1: layout_spider_delve, hellmonk_narrow_tunnel,
          hangedman_spider_tarantella_strand, uniq_louise
Spider:2: layout_spider_delve
Spider:3: layout_cave_pods, uniq_arachne
Spider:4: grunt_spider_rune_circles, beargit_elvish_explorers
Orc:1:    layout_caves, serial_shops, nicolae_shop_just_a_little_nook, shop,
          shop_statue, nicolae_shop_peninsula
Orc:2:    st_orc_congregation, layout_diamond_mine, nicolae_orc_lava_tube,
          minmay_orc_temple_a
Elf:1:    eino_elf_arrival_the_gate, layout_gridlike, serial_shops,
          nicolae_shop_rolled_up, orc_legates
Elf:2:    elven_hall_of_blades_hangedman_original
          [nicolae_blade_entry_floor_patterns], layout_geoelf_grid,
          hangedman_elven_ridges, einodemon_armed_red_devil_minivault
Elf:3:    minmay_elf_hall, layout_gridlike, nicolae_nh_oracle_at_delphi
Vaults:1: nicolae_vaults_diamond_2, vaults_dpeg_cross, v_pattern_3,
          nicolae_vaults_quartermaster, v_misc_1, ontoclasm_vaults_twist,
          hangedman_vaults_slice, layout_vaults_quadrants
Vaults:2: nicolae_vaults_storage_room_statues, grunt_vaults_swirl,
          nicolae_vaults_alarming, nicolae_vaults_tangram_1,
          nicolae_vaults_border_crossing, nicolae_vaults_closet_pinwheel_2,
          nicolae_vaults_trapezoid_2, nicolae_vaults_shipping_containers_7,
          v_misc_31, nicolae_vaults_angled_halls, nicolae_vaults_house_2,
          nicolae_vaults_cochlea, nicolae_vaults_tetromino_L_1,
          layout_vaults_omnicross, serial_shops, bzr_entry_gold, uniq_asterion
Vaults:3: nicolae_vaults_circle_grid_b, nicolae_vaults_ninety_degrees,
          nicolae_vaults_yaktaur_gun_rack, nicolae_vaults_network_star,
          blue_anna_dwarven_crypt, v_pattern_4, v_alt_pattern_5,
          nicolae_vaults_network_quincunx
          [nicolae_vaults_network_quincunx_subvault,
          nicolae_vaults_network_quincunx_subvault,
          nicolae_vaults_network_quincunx_subvault,
          nicolae_vaults_network_quincunx_subvault,
          nicolae_vaults_network_quincunx_subvault],
          ontoclasm_vaults_misaligned, nicolae_vaults_storage_room_doors,
          nicolae_vaults_diagonal_hallway_6, layout_vaults_maze
Vaults:4: nicolae_vaults_back_hallway, nicolae_vaults_shrinking_rooms_2,
          vaults_mumra_chevron, hangedman_vaults_slice, v_rooms_2,
          nicolae_vaults_octagons, nicolae_vaults_turnstiles, v_misc_33,
          nicolae_vaults_diagonal_hallway_7, v_misc_13, ontoclasm_vaults_eye,
          ontoclasm_vaults_gateway, nicolae_vaults_theta, layout_vaults_omnibox,
          uniq_margery
Vaults:5: serial_shops, uniq_mara
Crypt:1:  layout_chaotic_city, serial_glass, glass_columns_b, glass_columns_b,
          glass_columns_b, glass_columns_b, glass_columns_a, uniq_saint_roka
Crypt:2:  layout_chaotic_city, tombwall_bobbens
Crypt:3:  david_glass_crypt, layout_chaotic_city, glass_columns_b, st_stairs_3,
          minivault_26
Depths:1: layout_forbidden_donut, pf_hell_entry_tar_spiral, minivault_14,
          nicolae_specific_store, kennysheep_flooded_box, roderic_lattice_a,
          chequers_serial_rivers_large_b, st_stairs_10, fedhas_altar_2
Depths:2: minmay_the_grid_four_pointed_star
          [minmay_the_grid_triangle_9x9_longest,
          minmay_the_grid_triangle_9x9_empty,
          minmay_the_grid_triangle_9x9_pentomino_pain,
          minmay_the_grid_triangle_9x9_shrine,
          minmay_the_grid_prize_diamond_cup], layout_cave_pools, enter_trove_1,
          hell_entry, special_room [special_room_mythical_zoo],
          abyss_entry_flame_altar, minmay_staircase_windowed_large,
          rand_demon_pan_entry_9, serial_bayou, serial_bayou_shore_b,
          serial_bayou_lagoon_a, serial_bayou_pond_b
Depths:3: kennysheep_big_flooded_room, layout_basic, enter_ziggurat_b,
          abyss_entry, hangedman_geh_valley, nemelex_diamond_rough_becter,
          uniq_josephina, uniq_parghit, uniq_boris
Depths:4: grunt_x_marks_the_spot, layout_honeycomb, bh_walls_and_bars,
          grunt_mini_vestibule, abyss_entry
Zot:1:    layout_gridlike, skrybe_zot_glass_2
Zot:2:    layout_misc_corridors, skrybe_zot_glass_3, grunt_megastairs_2
Zot:3:    layout_misc_corridors, zot_minivault_1
Zot:4:    nicolae_moth_party, layout_misc_corridors
Zot:5:    layout_misc_corridors, lemuel_baited_zot_trap

Skill      XL: |  1  2  3  4  5  6  7  8  9 10 11 12 13 14 15 16 17 18 19 20 21 22 23 24 25 26 27 |
---------------+----------------------------------------------------------------------------------+-----
Stealth        | 3 4 5 6 8 10 11 12 13 14 15 | 15.0
Earth Magic    | 4 5 7 8 9 10 11 12 | 12.0
Conjurations   | 1 2 3 5 7 8 9 10 11 12 | 12.0
Spellcasting   | 3 4 5 6 8 9 10 | 10.0
Invocations    | 1 2 3 5 7 8 10 11 12 13 14 15 16 17 18 20 | 20.1
Fighting       | 1 3 5 7 9 10 11 12 13 14 15 16 17 18 19 21 | 21.4
Dodging        | 2 4 5 7 8 9 10 11 12 13 14 15 | 15.1
Armour         | 3 5 6 7 8 9 10 11 | 11.8
Shields        | 1 4 5 |  5.0
Maces & Flails | 5 8 10 11 12 | 12.0
Ice Magic      | 3 5 6 8 9 10 11 | 11.3
Air Magic      | 3 5 6 8 9 10 11 | 11.3
Throwing       | 3 7 11 12 | 12.0
Transmutations | |  1.0

Action                     |  1- 3 |  4- 6 |  7- 9 | 10-12 | 13-15 | 16-18 | 19-21 | 22-24 | 25-27 || total
---------------------------+-------+-------+-------+-------+-------+-------+-------+-------+-------++-------
  Melee: Dagger            |     7 |    28 |    21 |    97 |   407 |       |       |       |       ||   560
         Bite              |       |    11 |     7 |    51 |   288 |   914 |   931 |   976 |   804 ||  3982
         Punch             |       |       |       |     2 |     6 |       |       |       |       ||     8
         Demon whip        |       |       |       |       |   228 |  1897 |  1691 |  1793 |  1255 ||  6864
  Throw: Dart              |       |     1 |     2 |     3 |    10 |     5 |       |       |       ||    21
         Javelin           |       |       |       |       |       |       |       |     3 |     5 ||     8
         Boomerang         |       |       |       |       |       |       |       |       |    97 ||    97
   Cast: Sandblast         |    52 |    90 |    86 |   147 |   135 |     9 |       |       |       ||   519
         Stone Arrow       |       |    13 |    26 |   106 |   411 |   207 |     8 |     7 |       ||   778
         Lee's Rapid Decon |       |       |       |       |       |       |    45 |     1 |       ||    46
         Ozocubu's Armour  |       |       |       |       |       |       |     3 |       |       ||     3
         Freezing Cloud    |       |       |       |       |       |       |       |     1 |       ||     1
         Passwall          |       |       |       |       |       |       |       |       |     4 ||     4
 Invoke: Draw Destruction  |       |       |     3 |    14 |    55 |    21 |    26 |    36 |     9 ||   164
         Draw Summoning    |       |       |     2 |    10 |    15 |     9 |    10 |    10 |     1 ||    57
         Draw Stack        |       |       |       |       |     4 |     5 |     5 |     3 |     5 ||    22
         Stack Five        |       |       |       |       |     2 |     1 |     2 |     1 |     1 ||     7
         Deal Four         |       |       |       |       |       |       |     2 |       |       ||     2
  Evoke: Wand              |       |       |       |     9 |     3 |     5 |     8 |       |     5 ||    30
    Use: Scroll            |       |     8 |     5 |    12 |    20 |    10 |     8 |     8 |    15 ||    86
         Potion            |       |       |     1 |     2 |     1 |     3 |     3 |     3 |    10 ||    23
   Stab: Sleeping          |       |       |       |     2 |     3 |     9 |    16 |    11 |     3 ||    44
         Petrified         |       |       |       |       |     9 |       |       |     3 |       ||    12
         Distracted        |       |       |       |       |     1 |     1 |     4 |     4 |     2 ||    12
         Petrifying        |       |       |       |       |       |     1 |       |       |       ||     1
         Confused          |       |       |       |       |       |       |     2 |       |       ||     2
         Invisible         |       |       |       |       |       |       |       |     5 |       ||     5
 Armour: Robe              |    13 |    16 |     6 |       |       |       |       |       |       ||    35
         Leather armour    |       |       |     3 |       |    21 |       |       |       |       ||    24
         Steam dragon scal |       |       |     1 |    62 |       |       |       |       |       ||    63
         Acid dragon scale |       |       |       |     5 |    12 |       |       |       |       ||    17
         Scale mail        |       |       |       |       |   347 |   605 |   409 |   722 |   436 ||  2519
  Dodge: Dodged            |    16 |    34 |    22 |   162 |   679 |  1302 |   711 |  1247 |   669 ||  4842
  Block: Buckler           |       |       |       |       |   248 |   879 |   571 |   384 |   349 ||  2431
         Reflection        |       |       |       |       |    14 |    44 |    28 |       |       ||    86
